 Dungeon Crawl Stone Soup version 0.28.0-45-g0d030f2227 (webtiles) character file.

Game seed: 5180373507441031053

154 mortz the Gusty (level 5, -4/37 HPs)
             Began as a Gnoll Air Elementalist on Apr 12, 2022.
             Slain by a black bear (5 damage)
             ... on level 5 of the Dungeon.
             The game lasted 00:13:29 (2776 turns).

mortz the Gusty (Gnoll Air Elementalist)            Turns: 2776, Time: 00:13:29

Health: -4/37      AC:  3    Str:  7    XL:     5   Next: 35%
Magic:  1/12       EV: 13    Int: 17    God:
Gold:   102        SH:  0    Dex: 12    Spells: 11/14 levels left

rFire   . . .      SeeInvis .   h - staff of air {!astaff}
rCold   . . .      Faith    .   (no shield)
rNeg    . . .      Spirit   .   a - +0 robe
rPois   .          Reflect  .   (no helmet)
rElec   +          Harm     .   (no cloak)
rCorr   .          Rampage  .   (no gloves)
Will    .....                   m - +0 pair of boots
Stlth   +++.......              (no amulet)
HPRegen 0.12/turn               o - +4 ring of slaying
MPRegen 0.13/turn               (no ring)

@: very slightly contaminated
A: fangs 1, strong nose, distributed training
a: no special abilities


You were on level 5 of the Dungeon.
You visited 1 branch of the dungeon, and saw 5 of its levels.

You collected 130 gold pieces.
You spent 28 gold pieces at shops.


Innate Abilities, Weirdness & Mutations

You have very sharp teeth.
Your uncanny sense of smell can sniff out nearby items.
Your experience applies equally to all skills.


   Skills:
 + Level 1.4 Fighting
 + Level 1.4 Short Blades
 + Level 1.4 Long Blades
 + Level 1.4 Axes
 + Level 1.4 Maces & Flails
 + Level 1.4 Polearms
 + Level 1.4 Staves
 + Level 1.4 Slings
 + Level 1.4 Bows
 + Level 1.4 Crossbows
 + Level 1.4 Throwing
 + Level 1.4 Armour
 + Level 4.8 Dodging
 + Level 4.4 Stealth
 + Level 1.4 Shields
 + Level 1.4 Unarmed Combat
 + Level 5.2 Spellcasting
 + Level 2.4 Conjurations
 + Level 1.1 Hexes
 + Level 1.1 Summonings
 + Level 1.1 Necromancy
 + Level 1.1 Translocations
 + Level 1.1 Transmutations
 + Level 1.1 Fire Magic
 + Level 1.1 Ice Magic
 + Level 5.5 Air Magic
 + Level 1.1 Earth Magic
 + Level 1.1 Poison Magic
 + Level 1.6 Invocations
 + Level 1.4 Evocations


You had 11 spell levels left.
You knew the following spells:

 Your Spells              Type           Power      Damage    Failure   Level
a - Shock                 Conj/Air       100%       1d9       2%          1
b - Static Discharge      Conj/Air       26%        N/A       4%          2

Your spell library contained the following spells:

 Spells                   Type           Power      Damage    Failure   Level
 Swiftness                Air            35%        N/A       4%          3
 Airstrike                Air            17%        N/A       14%         4
 Call Canine Familiar     Summ           8%         N/A       26%         3
 Portal Projectile        Hex/Tloc       16%        N/A       26%         3
 Leda's Liquefaction      Hex/Erth       4%         N/A       65%         4

Inventory:

Hand Weapons
 b - a +0 short sword {short}
   (You took it off a kobold on level 1 of the Dungeon)
 c - a +0 club {mace}
   (You took it off a goblin on level 1 of the Dungeon)
 x - a +0 dagger of venom {short}
   (You found it on level 6 of the Dungeon)
Missiles
 f - 49 bolts
 j - 74 stones {throwing}
 n - 16 sling bullets
 q - 6 poisoned darts {throwing}
 s - 11 arrows
 y - a javelin {throwing}
Armour
 a - a +0 robe (worn)
 m - a +0 pair of boots (worn)
   (You found it on level 2 of the Dungeon)
 t - a +0 leather armour
   (You found it on level 3 of the Dungeon)
Magical Staves
 h - a staff of air (weapon) {!astaff}
   (You found it on level 1 of the Dungeon)
 l - a staff of cold {!astaff}
   (You found it on level 1 of the Dungeon)
Jewellery
 g - an amulet of faith {!P}
   (You found it on level 1 of the Dungeon)
 o - a +4 ring of slaying (left hand)
   (You found it on level 2 of the Dungeon)
Wands
 v - a wand of charming (2)
   (You found it on level 6 of the Dungeon)
Scrolls
 k - 2 scrolls of identify {@r1}
 p - a scroll of enchant weapon {unknown}
 r - a scroll of enchant armour {unknown}
Potions
 d - a potion of curing {@q1}
 e - a potion of brilliance
 i - 2 potions of heal wounds {@q2}
 u - a potion of lignification {unknown}

Dungeon Overview and Level Annotations

Branches:
Dungeon (6/15)
 Temple: D:4-7

Altars:
Gozag
Wu Jian

Shops:
D:5 (   D:6 *

Annotations:
D:2 Terence

##.##.# #...#.#
###.....#
...>..###
........# ###
##.#..#.##### #..
#.#.#..h...# #ยง#
#.#..#.###.# #Z#
#.#.##.# #.# #@#
#.#.##.# #h# #h#
#......# #.# #ยง#
#......###.####.#
#...!.......h...#
#......###.######
##[.....###.##
.....##$##...#
###### .###.##


You could see a black bear (berserk) and a bullfrog skeleton.


Message History

The black bear growls angrily.
You hear a shout!
A black bear comes into view.
You see here a wand of flame (23).
There is a stone staircase leading down here.
A necrophage comes into view.
You see here a +0 leather armour.
You see here 5 gold pieces.
Found a stone staircase leading down.
You see here a +0 leather armour.
A bullfrog skeleton comes into view.
Casting: Shock (safe; 3% risk of failure)
Confirm with . or Enter, or press ? or * to list all spells.
You feel a surge of power!
The necrophage is struck by an arc of lightning.
The lightning grounds out.
The bullfrog skeleton is struck by an arc of lightning!
You resist.
You are struck by an arc of lightning.
The bullfrog skeleton hits you. The necrophage barely misses you.
The bullfrog skeleton hits you. ๐Ÿ˜• HP[-7] MP[-2]
You take 7 damage, and now have 25/32 hp.
MASSIVE DAMAGE!! (PAUSE)
You lost 2 mp, and now have 9/11 mp.
Casting: Static Discharge (safe; 4% risk of failure)
Confirm with . or Enter, or press ? or * to list all spells.
You feel a surge of power!
The necrophage is struck by an arc of lightning!
The black bear is struck by an arc of lightning!
The lightning grounds out.
The bullfrog skeleton is struck by an arc of lightning!
You resist.
You are struck by an arc of lightning.
The bullfrog skeleton hits you. The necrophage hits you.
You feel drained. ๐Ÿ˜ฎ HP[-9] MP[-2]
You now have 31 max hp (-1).
You take 9 damage, and now have 16/31 hp.
MASSIVE DAMAGE!! (PAUSE)
You lost 2 mp, and now have 7/11 mp.
Casting: Static Discharge (safe; 4% risk of failure)
Confirm with . or Enter, or press ? or * to list all spells.
You feel a surge of power!
The necrophage is struck by an arc of lightning!
You destroy the necrophage!
You resist.
You are struck by an arc of lightning.
* * * LOW HITPOINT WARNING * * *
The lightning grounds out.
The bullfrog skeleton hits you but does no damage.
Your life force feels restored.
Your Hexes skill increases to level 1!
Your Summonings skill increases to level 1!
Your Necromancy skill increases to level 1!
Your Translocations skill increases to level 1!
Your Transmutations skill increases to level 1!
Your Fire Magic skill increases to level 1!
Your Ice Magic skill increases to level 1!
Your Earth Magic skill increases to level 1!
Your Poison Magic skill increases to level 1!
You have reached level 5! ๐Ÿ˜จ HP[+1] MP[-2]
You now have 37 max hp (+6).
You lost 2 mp, and now have 5/12 mp.
Casting: Static Discharge (safe; 4% risk of failure)
Confirm with . or Enter, or press ? or * to list all spells.
You feel a surge of power!
You miscast Static Discharge.
You are very lightly contaminated with residual magic.
Nothing appears to happen.
The bullfrog skeleton hits you.
* * * LOW HITPOINT WARNING * * *
The black bear barely misses you. The black bear claws you.
* * * LOW HITPOINT WARNING * * *
The black bear closely misses you. The bullfrog skeleton hits you.
* * * LOW HITPOINT WARNING * * *
๐Ÿ˜ฑ HP[-11] MP[-2]
You take 11 damage, and now have 6/37 hp.
MASSIVE DAMAGE!! (PAUSE)
You lost 2 mp, and now have 3/12 mp.
Casting: Static Discharge (safe; 4% risk of failure)
Confirm with . or Enter, or press ? or * to list all spells.
You feel a surge of power!
The black bear is struck by an arc of lightning.
You resist.
You are struck by an arc of lightning.
* * * LOW HITPOINT WARNING * * *
The black bear is struck by an arc of lightning.
The lightning grounds out.
The bullfrog skeleton is struck by an arc of lightning.
You resist.
You are struck by an arc of lightning.
The black bear is struck by an arc of lightning.
You resist.
You are struck by an arc of lightning.
* * * LOW HITPOINT WARNING * * *
The lightning grounds out.
The black bear goes berserk!
The bullfrog skeleton hits you.
* * * LOW HITPOINT WARNING * * *
๐Ÿ˜ฑ HP[-5] MP[-2]
You take 5 damage, and now have 1/37 hp.
You lost 2 mp, and now have 1/12 mp.
As you read the scroll of fog, it crumbles to dust.
The scroll dissolves into smoke.
The black bear bites you but does no damage.
The black bear closely misses you. The black bear claws you.
You die...

Skill      XL: |  1  2  3  4 |
---------------+-------------+-----
Conjurations   | 2 |  2.4
Spellcasting   | 5 |  5.2
Invocations    | 1 |  1.6
Fighting       | 1 |  1.4
Short Blades   | 1 |  1.4
Long Blades    | 1 |  1.4
Axes           | 1 |  1.4
Maces & Flails | 1 |  1.4
Polearms       | 1 |  1.4
Staves         | 1 |  1.4
Slings         | 1 |  1.4
Bows           | 1 |  1.4
Crossbows      | 1 |  1.4
Throwing       | 1 |  1.4
Armour         | 1 |  1.4
Shields        | 1 |  1.4
Unarmed Combat | 1 |  1.4
Evocations     | 1 |  1.4
Hexes          | 1 |  1.1
Summonings     | 1 |  1.1
Necromancy     | 1 |  1.1
Translocations | 1 |  1.1
Transmutations | 1 |  1.1
Fire Magic     | 1 |  1.1
Ice Magic      | 1 |  1.1
Earth Magic    | 1 |  1.1
Poison Magic   | 1 |  1.1
Dodging        | |  4.8
Stealth        | |  4.4
Air Magic      | |  5.5

Action                   |  1- 3 |  4- 6 || total
-------------------------+-------+-------++-------
 Cast: Shock             |    51 |    12 ||    63
       Static Discharge  |     7 |     4 ||    11
  Use: Scroll            |       |     4 ||     4
Armor: Robe              |     1 |     2 ||     3
Dodge: Dodged            |     4 |     4 ||     8

Levels and vault maps discovered:
D:1:      kilobyte_arrival_exit_the_forest, layout_basic
D:2:      layout_rooms, hellmonk_ecumenical_altar_arch_garden, minmay_tripent,
          uniq_terence
D:3:      layout_basic, nicolae_wu_jian_wuxing_cycle, serial_rivers,
          chequers_serial_rivers_marsh, chequers_serial_rivers_small_a,
          chequers_serial_rivers_large_a, chequers_serial_rivers_micro_c,
          minmay_misc_feat_tower
D:5:      layout_loops_ring, nicolae_shop_firing_range, uniq_blork_the_orc
D:6:      minmay_angry_zag, layout_cave_pools,
          mainiacjoe_overflow_surrounded_room, serial_shops, nicolae_shop_stone,
          enter_ossuary_5, cheibrodos_sewer_entry_bend, kennysheep_nub

Notes
Turn   | Place    | Note
-------+----------+-------------------------------------------
     0 | D:1      | mortz the Gnoll Air Elementalist began the quest for the
                  | Orb.
     0 | D:1      | Reached XP level 1. HP: 13/13 MP: 6/6
     0 | D:1      | magus.rc [v1.9.6]
   223 | D:1      | Reached skill level 2 in Conjurations
   355 | D:1      | Reached XP level 2. HP: 19/19 MP: 4/7
   358 | D:1      | Learned a level 2 spell: Static Discharge
  1474 | D:2      | Reached XP level 3. HP: 24/25 MP: 0/9
  1597 | D:2      | Reached skill level 5 in Spellcasting
  1696 | D:2      | You pick up a book of the Hunter and begin reading...
  1696 | D:2      | You add the spells Call Canine Familiar, Portal Projectile
                  | and Leda's Liquefaction to your library.
  1771 | D:2      | Reached skill level 1 in Invocations
  1847 | D:2      | Noticed Terence
  1850 | D:2      | Found a faded altar of an unknown god.
  1875 | D:2      | Reached skill level 1 in Fighting
  1875 | D:2      | Reached skill level 1 in Short Blades
  1875 | D:2      | Reached skill level 1 in Long Blades
  1875 | D:2      | Reached skill level 1 in Axes
  1875 | D:2      | Reached skill level 1 in Maces & Flails
  1875 | D:2      | Reached skill level 1 in Polearms
  1875 | D:2      | Reached skill level 1 in Staves
  1875 | D:2      | Reached skill level 1 in Slings
  1875 | D:2      | Reached skill level 1 in Bows
  1875 | D:2      | Reached skill level 1 in Crossbows
  1875 | D:2      | Reached skill level 1 in Throwing
  1875 | D:2      | Reached skill level 1 in Armour
  1875 | D:2      | Reached skill level 1 in Shields
  1875 | D:2      | Reached skill level 1 in Unarmed Combat
  1875 | D:2      | Reached skill level 1 in Evocations
  1875 | D:2      | Reached XP level 4. HP: 32/32 MP: 8/11
  2378 | D:3      | Found an ornate altar of the Wu Jian Council.
  2428 | D:3      | You fall into a shaft and drop 3 floors!
  2445 | D:6      | Found Zejith's General Store.
  2454 | D:6      | Bought a scroll of fog for 28 gold pieces
  2484 | D:6      | Found an opulent altar of Gozag.
  2499 | D:6      | Noticed an ice beast
  2567 | D:5      | Entered Level 5 of the Dungeon
  2594 | D:5      | Found Oteezxid's Firing Range.
  2619 | D:5      | Noticed a black bear
  2634 | D:5      | Noticed a black bear
  2674 | D:5      | Noticed a necrophage
  2773 | D:5      | Killed a necrophage
  2774 | D:5      | Reached skill level 1 in Hexes
  2774 | D:5      | Reached skill level 1 in Summonings
  2774 | D:5      | Reached skill level 1 in Necromancy
  2774 | D:5      | Reached skill level 1 in Translocations
  2774 | D:5      | Reached skill level 1 in Transmutations
  2774 | D:5      | Reached skill level 1 in Fire Magic
  2774 | D:5      | Reached skill level 1 in Ice Magic
  2774 | D:5      | Reached skill level 1 in Earth Magic
  2774 | D:5      | Reached skill level 1 in Poison Magic
  2774 | D:5      | Reached XP level 5. HP: 17/37 MP: 5/12
  2774 | D:5      | HP: 6/37 [bullfrog skeleton (6)]
  2775 | D:5      | HP: 1/37 [bullfrog skeleton (3)]
  2776 | D:5      | Slain by a black bear

Vanquished Creatures
  A necrophage (D:5)
  3 adders (D:2)
  A shadow imp (D:6)
  4 bats
  6 endoplasms
  3 giant cockroaches
  6 goblins
  2 kobolds
  2 quokkas
  4 ball pythons
  2 frilled lizards
  3 rats (D:1)
37 creatures vanquished.

Table legend:
 A = Non-vault XP
 B = Vault XP
 C = Vault XP percentage of total XP
 D = Non-vault monster count
 E = Vault monster count
 F = Vault count percentage of total count
                 A         B        C        D         E       F
            +---------+---------+-------+---------+---------+-------
      Total |     218 |       2 |   0.9 |      35 |       2 |   5.4
            +---------+---------+-------+---------+---------+-------
        D:1 |      25 |       0 |   0.0 |      16 |       0 |   0.0
        D:2 |      55 |       2 |   3.5 |      11 |       2 |  15.4
        D:3 |      11 |       0 |   0.0 |       6 |       0 |   0.0
        D:5 |     116 |       0 |   0.0 |       1 |       0 |   0.0
        D:6 |      11 |       0 |   0.0 |       1 |       0 |   0.0
            +---------+---------+-------+---------+---------+-------

Illustrated notes

Table legend:
 A = Kills in this place as a percentage of kills in entire the game.
 B = Kills by you in this place as a percentage of kills by you in the entire game.
 C = Kills by friends in this place as a percentage of kills by friends in the entire game.
 D = Other kills in this place as a percentage of other kills in the entire game.
 E = Experience gained in this place as a percentage of experience gained in the entire game.
 F = Experience gained in this place divided by the number of levels of this place that you have seen.
                   A       B       C       D       E      F
               +-------+-------+-------+-------+-------+----------------------
         Total | 100.0 | 100.0 |   N/A |   N/A | 100.0 |  44.0
       Dungeon | 100.0 | 100.0 |   N/A |   N/A | 100.0 |  44.0
               +-------+-------+-------+-------+-------+----------------------

Table legend: (Time is in decaauts)
 A = Elapsed time spent in this place.
 B = Non-inter-level travel time spent in this place.
 C = Inter-level travel time spent in this place.
 D = Time resting spent in this place.
 E = Time spent auto-exploring this place.
 F = Levels seen in this place.
 G = Mean time per level.
                   A        B        C        D        E       F      G
               +--------+--------+--------+--------+--------+-----+--------+
         Total |   2784 |   2746 |     38 |    192 |   1972 |   5 |  556.8 |
       Dungeon |   2784 |   2746 |     38 |    192 |   1972 |   5 |  556.8 |
               +--------+--------+--------+--------+--------+-----+--------+

Top non-repeatable levels by time:
     D:1: 1338 daAuts
     D:2: 883 daAuts
     D:3: 216 daAuts
     D:5: 208 daAuts
     D:6: 138 daAuts
